 Dungeon Crawl Stone Soup version 0.22.1-1-ga44c0e56f4 (webtiles) character file.

92 Gargoyl the Skirmisher (level 4, 0/40 HPs)
             Began as a Centaur Abyssal Knight on Oct 17, 2018.
             Was a Believer of Lugonu.
             Slain by a gnoll (5 damage)
             ... on level 2 of the Dungeon.
             The game lasted 00:04:00 (2072 turns).

Gargoyl the Skirmisher (Centaur Abyssal Knight)     Turns: 2072, Time: 00:04:00

Health: 0/40       AC:  9    Str: 17    XL:     4   Next: 35%
Magic:  5/5        EV:  8    Int: 11    God:    Lugonu [**....]
Gold:   119        SH:  0    Dex: 13    Spells: 3/3 levels left

rFire    . . .     SeeInvis .   a - +1 hand axe
rCold    . . .     Gourm    .   (no shield)
rNeg     + . .     Faith    .   k - +0 ring mail
rPois    .         Spirit   .   f - +0 helmet
rElec    .         Reflect  .   (no cloak)
rCorr    .         Harm     .   (no gloves)
MR       .....                  (no barding)
Stlth    ..........             (no amulet)
HPRegen  0.13/turn              d - ring of positive energy
MPRegen  0.09/turn              h - +4 ring of dexterity

@: very quick
A: large, hooves 3, molten scales 1, deformed body, speed 2, strong 1, tough
skin 3
a: Depart the Abyss, Bend Space, Renounce Religion


You were on level 2 of the Dungeon.
You worshipped Lugonu.
Lugonu was pleased with you.
You were not hungry.

You visited 1 branch of the dungeon, and saw 3 of its levels.
You visited the Abyss 1 time.

You collected 119 gold pieces.

Inventory:

Hand Weapons
 a - a +1 hand axe (weapon)
Armour
 f - a +0 helmet (worn)
 k - a +0 ring mail (worn)
Jewellery
 d - a ring of positive energy (left hand)
 h - a +4 ring of dexterity (right hand)
Scrolls
 b - a scroll of teleportation
 j - a scroll of remove curse
 o - a scroll of identify
Comestibles
 c - a ration
 g - 5 chunks of flesh


   Skills:
 + Level 3.7 Fighting
 + Level 2.7 Axes
 * Level 2.0 Armour
 + Level 1.1 Dodging
 * Level 2.4 Invocations


You had 3 spell levels left.
You didn't know any spells.
Your spell library was empty.

Dungeon Overview and Level Annotations

Branches:
Dungeon (3/15)

Altars:
Ashenzari
Trog
Wu Jian

Annotations:
D:2 Sigmund
D:3 Grinder


Innate Abilities, Weirdness & Mutations

You have hooves in place of feet.
Armour fits poorly on your strangely shaped body.
You cover ground very quickly.
You have extremely tough skin. (AC +3)
You are partially covered in molten scales. (AC +2)
Your muscles are strong. (Str +2)


Message History

The gnoll is lightly wounded.
You barely miss the gnoll. The gnoll hits you with a club.
The gnoll barely misses you. The gnoll hits you but does no damage.
Unknown command.
Your ring mail prevents you from hitting the gnoll.
You kick the gnoll.
The gnoll is moderately wounded.
You hit the gnoll. The gnoll hits you. The gnoll hits you but does no damage.
Unknown command.
You closely miss the gnoll.
The gnoll is moderately wounded.
You barely miss the gnoll. The gnoll hits you.
* * * LOW HITPOINT WARNING * * *
The gnoll hits you with a club!
* * * LOW HITPOINT WARNING * * *
The gnoll closely misses you.
You hit the gnoll. You kick the gnoll, but do no damage.
The gnoll is heavily wounded.
You hit the gnoll. The gnoll closely misses you. The gnoll hits you.
You die...

#.# ##'## #.#
##...## #.####
##.....## #.##.###
##.......##
#......###.........#
##.......+........##
##....###...(...##
####.#.# ##......#
#..g@g.# ##.....#
#.###### ##...## #
##)## #.# #.# ##.##
########...###
#............#
#.....##...#.###


You could see 2 gnolls.

Vanquished Creatures
  An adder (D:2)
  An ooze (D:1)
  2 dart slugs (D:1)
  2 leopard geckos
  18 giant cockroaches
  8 goblins
  8 hobgoblins
  4 jackals (D:2)
  4 kobolds
  7 bats
  3 frilled lizards
  3 rats
61 creatures vanquished.

Notes
Turn   | Place    | Note
-------+----------+-------------------------------------------
     0 | Abyss:1  | Gargoyl the Centaur Abyssal Knight began the quest for the
                  | Orb.
     0 | Abyss:1  | Reached XP level 1. HP: 19/19 MP: 2/2
    42 | Abyss:2  | Noticed a sun demon
    43 | D:1      | Escaped the Abyss
   189 | D:1      | Found a shattered altar of Ashenzari.
   282 | D:1      | Reached XP level 2. HP: 26/26 MP: 3/3
   308 | D:1      | Reached * piety under Lugonu
   539 | D:1      | Reached XP level 3. HP: 31/31 MP: 4/4
  1242 | D:2      | Found a bloodstained altar of Trog.
  1347 | D:2      | Reached ** piety under Lugonu
  1352 | D:2      | Reached XP level 4. HP: 27/40 MP: 5/5
  1359 | D:2      | Reached skill level 1 in Dodging
  1366 | D:2      | Noticed Sigmund
  1372 | D:2      | Gained mutation: Your muscles are strong. (Str +2) [potion
                  | of mutation]
  1372 | D:2      | Gained mutation: You are partially covered in molten
                  | scales. (AC +2) [potion of mutation]
  1686 | D:2      | Found an ornate altar of the Wu Jian Council.
  2050 | D:3      | Noticed Grinder
  2056 | D:3      | Paralysed by Grinder for 4 turns
  2072 | D:2      | Slain by a gnoll

Skill      XL: |  1  2  3  4 |
---------------+-------------+-----
Axes           | 2 |  2.7
Dodging        | 1 |  1.1
Armour         | 2 |  2.0
Fighting       | |  3.7
Invocations    | |  2.4

Action                   |  1- 3 |  4- 6 || total
-------------------------+-------+-------++-------
Melee: Hand axe          |   109 |    50 ||   159
       Kick              |    18 |     4 ||    22
Invok: Depart the Abyss  |     1 |       ||     1
  Use: Potion            |     2 |     2 ||     4
       Scroll            |     3 |     3 ||     6
  Eat: Chunk             |       |     3 ||     3
Armor: Ring mail         |    71 |    24 ||    95
       Skin              |    95 |     8 ||   103
Dodge: Dodged            |    54 |    25 ||    79
